Map: Washout LE

Players

ricko - Winner!

  • Race: Terran Terran
  • League: Diamond

A.I. 2 (Elite)

  • Race: Protoss Protoss

VOD

Have the link to the VOD?

Description

Time

  • Played on: Oct. 15, 2026, 1:56 p.m.
  • Length: 10:42
Show
View Real Time Build Order
Export as new Build Order

ricko Terran - Winner!

Build Orders:  

Get SALT Encoding   

  12  0:00  SCV  
  13  0:12  SCV  
  14  0:18  Supply Depot  
  14  0:24  SCV  
  15  0:39  SCV  
  15  0:41  Barracks  
  16  0:47  Refinery  
  16  0:51  SCV  
  17  1:03  SCV  
  18  1:15  SCV  
  19  1:29  Orbital Command  
  19  1:34  Barracks Reactor  
  19  1:40  Command Center  
  19  1:48  Supply Depot  
  19  1:55  SCV  
  20  2:08  SCV  
  21  2:10  Marine x2  
  23  2:15  Barracks  
  23  2:19  Barracks  
  24  2:22  SCV  
  24  2:33  Marine x2  
  24  2:34  Bunker  
  26  2:38  SCV  
  27  2:50  SCV  
  28  2:54  Orbital Command  
  28  3:02  Barracks Tech Lab  
  28  3:05  SCV  
  29  3:07  Engineering Bay  
  29  3:08  Barracks Tech Lab  
  29  3:11  Marine x2  
  31  3:17  SCV  
  32  3:21  SCV  
  32  3:26  Stimpack, Combat Shield  
  33  3:29  SCV  
  33  3:30  Marine x2  
  36  3:38  Terran Infantry Weapons Level 1  
  36  3:40  Refinery  
  36  3:42  SCV x2  
  36  3:45  Marine x2  
  36  3:48  Marine  
  41  3:54  SCV  
  42  3:56  SCV  
  42  4:01  Supply Depot  
  43  4:06  SCV  
  43  4:07  Marine x2  
  46  4:18  SCV, Marauder x2  
  46  4:23  Factory  
  51  4:24  Supply Depot  
  51  4:25  SCV  
  51  4:30  SCV  
  53  4:32  Supply Depot  
  53  4:34  Marine x2  
  53  4:38  SCV  
  56  4:40  Refinery  
  56  4:42  SCV  
  56  4:45  Marauder x2  
  61  4:55  SCV x2  
  63  5:06  Marauder  
  66  5:07  SCV  
  66  5:10  Factory Reactor, Starport  
  65  5:16  SCV  
  65  5:17  Barracks  
  65  5:19  Marine x2, SCV, Concussive Shells  
  65  5:20  Barracks  
  69  5:24  Supply Depot, Refinery  
  69  5:31  SCV x2  
  71  5:36  Marine  
  71  5:37  Marauder  
  71  5:38  Marine  
  72  5:43  SCV x2  
  69  5:55  Marauder  
  64  5:58  Marauder  
  62  6:06  SCV  
  62  6:07  SCV, Supply Depot  
  64  6:12  Supply Depot  
  64  6:19  SCV  
  64  6:24  Medivac x2  
  69  6:26  Starport, Factory Reactor  
  69  6:28  Barracks Tech Lab  
  69  6:34  Marine x2, Marauder  
  69  6:35  Marauder  
  69  6:36  Barracks Reactor  
  75  6:45  Terran Infantry Armor Level 1  
  75  6:50  Marine  
  75  6:52  Marine x2  
  78  6:55  Marine  
  79  7:01  Medivac x2  
  79  7:06  Supply Depot  
  83  7:09  Missile Turret  
  83  7:18  Factory Tech Lab  
  83  7:21  Viking x2  
  83  7:22  Marine x7  
  94  7:26  SCV  
  94  7:28  Supply Depot  
  94  7:29  Supply Depot  
  95  7:43  Viking  
  95  7:44  Viking  
  99  7:51  SCV  
  99  7:52  SCV, Supply Depot  
  103  7:59  Viking x2  
  103  8:01  Marine x5, Marauder x2  
  113  8:13  Viking  
  113  8:18  Marine  
  113  8:19  Marine x4  
  120  8:21  Supply Depot  
  120  8:22  Marine x2  
  120  8:25  Supply Depot  
  122  8:31  Supply Depot  
  119  8:36  Marine x5  
  119  8:40  Marine  
  124  8:50  Liberator x2  
  124  8:51  Viking x2  
  124  8:52  Marine  
  124  8:54  Marine x5  
  140  8:57  Marine  
  133  9:09  Marine  
  122  9:12  Marine x5  
  122  9:15  Marine  
  109  9:27  Marine  
  109  9:28  Viking x2  
  109  9:30  Marine x5  
  115  9:34  Marauder  
  117  9:45  Marine  
  116  9:47  Supply Depot, Marine  
  116  9:48  Marine x4  
  122  9:54  Marine  
  123  10:03  Marine  
  123  10:05  Marine  
  123  10:06  Marine x4  
  129  10:12  Marine  
  130  10:21  Marine  
  135  10:23  Marine x5  
Show
View Real Time Build Order
Export as new Build Order

A.I. 2 (Elite) Protoss 

Build Orders: Colossus Rush 

Get SALT Encoding   

  12  0:00  Probe  
  13  0:13  Probe  
  14  0:18  Pylon  
  14  0:25  Probe  
  15  0:33  Probe  
  15  0:41  Probe  
  16  0:47  Assimilator  
  17  0:50  Gateway  
  17  0:51  Probe  
  18  0:59  Probe  
  18  1:00  Pylon  
  19  1:07  Probe  
  19  1:17  Probe  
  21  1:29  Probe  
  22  1:39  Zealot  
  24  1:42  Probe  
  25  1:48  Nexus  
  25  1:59  Probe  
  25  2:00  Cybernetics Core  
  25  2:07  Probe  
  27  2:16  Probe  
  28  2:25  Pylon  
  28  2:28  Probe  
  29  2:36  Stalker, Warp Gate  
  29  2:38  Gateway  
  29  2:40  Assimilator  
  29  2:43  Probe  
  32  2:51  Adept  
  32  2:56  Probe  
  33  2:58  Pylon  
  33  2:59  Probe  
  36  3:08  Probe  
  36  3:10  Probe  
  38  3:21  Adept  
  38  3:22  Adept  
  38  3:23  Robotics Facility  
  38  3:26  Probe  
  38  3:27  Probe  
  44  3:38  Probe  
  44  3:39  Probe  
  46  3:50  Probe  
  46  3:51  Probe, Adept  
  46  3:52  Adept  
  52  3:59  Probe  
  53  4:02  Probe  
  53  4:07  Probe  
  54  4:10  Pylon  
  54  4:11  Observer  
  54  4:14  Robotics Bay, Probe  
  57  4:17  Probe  
  57  4:20  Robotics Facility  
  58  4:26  Pylon  
  58  4:29  Stalker, Adept  
  62  4:36  Probe  
  62  4:37  Pylon, Probe  
  64  4:50  Stalker  
  66  5:00  Gateway  
  66  5:06  Pylon  
  66  5:07  Zealot  
  66  5:11  Zealot  
  66  5:12  Probe  
  66  5:13  Colossus  
  76  5:20  Pylon  
  76  5:25  Zealot  
  76  5:27  Zealot  
  76  5:45  Stalker, Probe  
  76  5:46  Assimilator  
  76  5:48  Sentry  
  76  5:49  Pylon  
  69  5:51  Adept  
  69  5:53  Assimilator  
  63  6:05  Nexus  
  63  6:08  Zealot  
  63  6:10  Pylon  
  63  6:11  Zealot x2  
  67  6:17  Probe  
  67  6:18  Twilight Council  
  70  6:20  Probe  
  70  6:23  Adept  
  73  6:29  Forge  
  73  6:30  Probe  
  73  6:32  Probe  
  75  6:42  Forge  
  75  6:57  Templar Archives  
  75  7:04  Stalker  
  75  7:05  Photon Cannon  
  77  7:09  Stalker  
  77  7:10  Gateway  
  77  7:14  Stalker  
  81  7:15  Photon Cannon  
  81  7:17  Probe  
  81  7:18  Probe x2  
  84  7:23  Stalker  
  84  7:25  Assimilator  
  84  7:29  Zealot, Probe  
  88  7:31  Observer, Probe x2, Assimilator  
  88  7:32  Stalker  
  93  7:40  Zealot  
  93  7:42  Probe  
  93  7:43  Zealot, Probe x2  
  100  7:54  Probe, Immortal  
  100  7:55  Probe x2, High Templar  
  109  8:00  Sentry, High Templar  
  109  8:01  Immortal  
  109  8:02  Stalker  
  109  8:04  Pylon  
  119  8:06  Probe  
  119  8:07  Probe  
  119  8:08  Probe  
  122  8:13  Archon  
  122  8:16  Probe  
  122  8:18  Probe x2  
  124  8:23  High Templar  
  124  8:24  Probe  
  124  8:25  High Templar  
  124  8:26  Pylon  
  129  8:29  Stalker, Psionic Storm  
  129  8:30  Probe  
  129  8:31  Zealot  
  129  8:33  Immortal  
  127  8:45  Zealot  
  117  8:52  High Templar  
  119  8:57  Photon Cannon  
  119  8:59  Pylon, High Templar  
  119  9:01  Zealot  
  117  9:03  Zealot  
  117  9:05  Nexus  
  101  9:11  Probe  
  101  9:12  Probe  
  80  9:21  Zealot  
  80  9:23  High Templar  
  80  9:24  Zealot  
  58  9:31  High Templar  
  58  9:38  Probe  
  45  9:40  Probe  
  45  9:41  Stalker  
  45  9:44  Zealot  
  38  9:48  Sentry  
  33  10:04  Zealot  
  33  10:05  Zealot  
Tags
 
Add a new tag
Caveats
  • Supply blocks, unpowered buildings, or Contaminate may cause inaccurate times.
  • Supply counts are checked every 10 seconds.